 Dungeon Crawl Stone Soup version 0.28.0 (webtiles) character file.

Game seed: 3695928115202655594

3054 mortz the Destroyer (level 10, -15/70 HPs)
             Began as a Human Conjurer on Feb 13, 2022.
             Was a Believer of Vehumet.
             Killed from afar by a gargoyle (17 damage)
             ... with a stone arrow
             ... on level 7 of the Dungeon.
             The game lasted 02:09:09 (9714 turns).

mortz the Destroyer (Human Conjurer)                Turns: 9714, Time: 02:09:10

Health: -15/70     AC:  7    Str:  8    XL:     10   Next: 11%
Magic:  12/19      EV: 13    Int: 21    God:    Vehumet [**....]
Gold:   179        SH:  0    Dex: 13    Spells: 9/22 levels left

rFire   + + .      SeeInvis .   x - +6 quarterstaff of the Demagogue {protect, rElec rF++}
rCold   . . .      Faith    .   (shield currently unavailable)
rNeg    . . .      Spirit   .   a - +2 leather armour {rPois}
rPois   +          Reflect  .   h - +2 hat
rElec   +          Harm     .   (no cloak)
rCorr   .          Rampage  .   (no gloves)
Will    .....                   (no boots)
Stlth   ++........              (no amulet)
HPRegen 0.21/turn               H - ring of wizardry
MPRegen 0.16/turn               (no ring)

@: no status effects
A: no striking features
a: Renounce Religion


You were on level 7 of the Dungeon.
You worshipped Vehumet.
Vehumet was pleased with you.
You visited 2 branches of the dungeon, and saw 8 of its levels.

You collected 355 gold pieces.
You spent 176 gold pieces at shops.

Inventory:

Hand Weapons
 i - a +2 dagger of venom
 k - a +2 short sword of flaming
 x - the +6 quarterstaff of the Demagogue (weapon) {protect, rElec rF++}
   (You found it on level 6 of the Dungeon)

   It grants its wielder temporary protection when it strikes (+7 to AC).
   rF:        It greatly protects you from fire.
   rElec:     It insulates you from electricity.
 A - the +6 dagger "Dragonbane" {holy, rC+}
   (You found it on level 6 of the Dungeon)

   It has been blessed by the Shining One to cause great damage to the undead
   and demons.
   rC:        It protects you from cold.
 E - a +2 great sword of protection
 L - the +2 mace of Xainleto {vorpal, Will+ Dex+4}
   (You found it on level 7 of the Dungeon)

   It inflicts extra damage upon your enemies.
   Dex:       It affects your dexterity (+4).
   Will:      It increases your willpower.
Missiles
 b - 5 javelins (quivered)
 d - 19 poisoned darts
 K - 6 curare-tipped darts
Armour
 a - a +2 leather armour of poison resistance (worn)
 h - a +2 hat (worn)
 B - a +1 cloak
Magical Staves
 c - a staff of cold
 e - a staff of conjuration
 m - a staff of conjuration
 D - a staff of conjuration
Jewellery
 o - a +6 ring of intelligence
 H - a ring of wizardry (left hand)
Wands
 j - a wand of paralysis (8)
 n - a wand of flame (7)
 u - a wand of digging (3)
 C - a wand of iceblast (9)
Scrolls
 f - 2 scrolls of immolation
 g - 2 scrolls of amnesia
 l - a scroll of vulnerability
 p - a scroll of enchant weapon
 r - 2 scrolls of fog
 w - a scroll of fear {unknown}
 y - a scroll of noise {unknown}
 J - a scroll of blinking {unknown}
Potions
 v - a potion of might
 F - 2 potions of degeneration
 G - a potion of flight {unknown}


   Skills:
 + Level 3.3 Fighting
 + Level 0.6(0.8) Short Blades
 - Level 0.4(0.6) Long Blades
 + Level 3.9 Staves
 + Level 0.4 Throwing
 + Level 4.0 Armour
 + Level 4.6 Dodging
 + Level 4.2 Stealth
 - Level 0.1 Unarmed Combat
 + Level 6.5 Spellcasting
 + Level 8.2 Conjurations


You had 9 spell levels left.
You knew the following spells:

 Your Spells              Type           Power      Damage    Failure   Level
a - Magic Dart            Conj           100%       1d8       1%          1
b - Searing Ray           Conj           82%        2d7       1%          2
c - Dazzling Flash        Conj/Hex       48%        N/A       2%          3
d - Shock                 Conj/Air       96%        1d9       1%          1
e - Fulminant Prism       Conj/Hex       12%        3d9       10%         4
f - Poisonous Vapours     Pois/Air       12%        N/A       9%          2

Your spell library contained the following spells:

 Spells                   Type           Power      Damage    Failure   Level
 Beastly Appendage        Tmut           12%        N/A       5%          1
 Wereblood                Tmut           6%         N/A       9%          2
 Iskenderun's Mystic Bla  Conj/Tloc      24%        2d7       10%         4
 Spider Form              Tmut/Pois      6%         N/A       16%         3
 Irradiate                Conj/Tmut      12%        3d17      26%         5
 Blade Hands              Tmut           3%         N/A       78%         5
 Dragon Form              Tmut           3%         N/A       100%        7


Dungeon Overview and Level Annotations

Branches:
Dungeon (7/15)             Temple (1/1) D:5

Altars:
Ashenzari
Cheibriados
Dithmenos
Fedhas
Gozag
Hepliaklqana
Kikubaaqudgha
Makhleb
Nemelex Xobeh
Okawaru
Qazlal
Ru
Sif Muna
Trog
Uskayaw
Vehumet
Wu Jian
Xom
Yredelemnul
Zin
The Shining One

Shops:
D:2 (   D:4 [   D:6 =   D:7 (


Message History

Aiming: Searing Ray (safe; 1% risk of failure)
Press: ? - help, Shift-Dir - straight line, f - gargoyle
Aim: a gargoyle, wielding a +0 mace (wandering, hasn't noticed you, 91% to hit)
The searing ray hits the gargoyle but does no damage. (Press . to maintain the ray.)
The searing ray hits the gargoyle but does no damage.
The searing ray hits the gargoyle but does no damage.
The gargoyle barely misses you.
The searing ray hits the gargoyle but does no damage.
You finish channelling your searing ray.
The gargoyle hurls a stone arrow at you.
The stone arrow hits you!!
Casting: Searing Ray (safe; 1% risk of failure)
Confirm with . or Enter, or press ? or * to list all spells.
Aiming: Searing Ray (safe; 1% risk of failure)
Press: ? - help, Shift-Dir - straight line, f/p - gargoyle
Aim: a gargoyle, wielding a +0 mace (91% to hit)
The searing ray hits the gargoyle.
The gargoyle is lightly damaged. (Press . to maintain the ray.)
The gargoyle hurls a stone arrow at you.
The stone arrow hits you!!
The searing ray hits the gargoyle but does no damage.
The gargoyle is lightly damaged.
The gargoyle hits you with a +0 mace!
* * * LOW HITPOINT WARNING * * *
The searing ray hits the gargoyle!
The gargoyle is moderately damaged.
The gargoyle hurls a stone arrow at you.
The stone arrow hits you!
* * * LOW HITPOINT WARNING * * *
Aiming: Dig
Press: ? - help, Q - select action, (/) - cycle Shift-Dir - straight line, p - gargoyle You can't see that place. [a stone staircase leading down.]
Okay, then.
Found a robe.
The gargoyle hurls a stone arrow at you.
The stone arrow hits you!
You die...

....>.......).#####
....##########....#
....#........#....#
....+........#....#
....#........#....#
....#..##)...#....##
....#####(...#.....##
....#........#....9.#####
>..))........#..@##.)...#
..).#........#...#####.##
#####........#...# .#
...##..##....#...# #o
...##'###....#...# ##
#####........#...#
....#........#...#
....#..##....#.[.#
....##'##....#


You could see a gargoyle.

Vanquished Creatures
  Eustachio (D:5)
  Menkaure (D:4)
  2 water moccasins (D:7)
  An ice beast (D:7)
  Duvessa (D:4)
  A sky beast (D:7)
  A necrophage (D:7)
  2 black bears (D:5)
  2 ogres
  A centaur (D:6)
  2 kobold brigands (D:6)
  A bullfrog (D:6)
  Blork the orc (D:4)
  2 scorpions
  Dowan (D:4)
  5 wights (D:7)
  A howler monkey (D:5)
  6 electric eels (D:7)
  2 bullfrog zombies
  A centaur zombie (D:6)
  4 centaur skeletons
  A jelly (D:5)
  3 hounds
  2 bullfrog skeletons (D:5)
  2 orc priests
  A gnoll shaman (D:7)
  2 iguanas
  6 orc wizards
  A hound zombie (D:5)
  4 adders
  5 gnolls
  A shadow imp (D:7)
  An ufetubus (D:4)
  2 dart slugs
  17 orcs
  5 bats
  3 endoplasms
  5 giant cockroaches
  2 goblins
  6 hobgoblins
  2 jackals (D:4)
  4 quokkas
  11 ball pythons
  3 frilled lizards
  15 kobolds
  7 rats
150 creatures vanquished.

Vanquished Creatures (others)
  23 plants
23 creatures vanquished.

Grand Total: 173 creatures vanquished

Notes
Turn   | Place    | Note
-------+----------+-------------------------------------------
     0 | D:1      | mortz the Human Conjurer began the quest for the Orb.
     0 | D:1      | Reached XP level 1. HP: 13/13 MP: 3/3
   325 | D:1      | Reached XP level 2. HP: 19/19 MP: 1/5
   385 | D:1      | Learned a level 2 spell: Searing Ray
   824 | D:1      | Reached XP level 3. HP: 24/24 MP: 1/6
  1424 | D:2      | Found a faded altar of an unknown god.
  1449 | D:2      | Found Heem's Antique Weapon Boutique.
  2260 | D:3      | Reached skill level 5 in Conjurations
  2260 | D:3      | Reached XP level 4. HP: 20/30 MP: 1/7
  3300 | D:4      | Noticed Blork the orc
  3312 | D:4      | Killed Blork the orc
  3313 | D:4      | Reached XP level 5. HP: 28/35 MP: 0/8
  3494 | D:4      | Learned a level 3 spell: Dazzling Flash
  3677 | D:4      | Noticed Menkaure
  4045 | D:4      | Reached XP level 6. HP: 37/41 MP: 4/10
  4209 | D:4      | You fall into a shaft and drop 2 floors!
  4219 | D:5      | Entered Level 5 of the Dungeon
  4311 | D:4      | Noticed Duvessa
  4311 | D:4      | Noticed Dowan
  4335 | D:4      | Killed Duvessa
  4336 | D:4      | Reached skill level 6 in Conjurations
  4558 | D:4      | Killed Dowan
  4559 | D:4      | Reached XP level 7. HP: 46/46 MP: 7/12
  4625 | D:4      | Killed Menkaure
  4860 | D:4      | Found Waih's Armour Shop.
  5308 | D:5      | Reached XP level 8. HP: 52/52 MP: 10/15
  5379 | D:5      | Found a staircase to the Ecumenical Temple.
  5384 | D:5      | Found a bloodstained altar of Trog.
  5429 | D:4      | Bought a +2 leather armour of poison resistance for 176
                  | gold pieces
  5473 | Temple   | Entered the Ecumenical Temple
  5816 | Temple   | Became a worshipper of Vehumet
  5953 | D:5      | Reached skill level 5 in Spellcasting
  6195 | D:5      | Reached skill level 1 in Armour
  6195 | D:5      | Reached skill level 7 in Conjurations
  6277 | D:5      | Noticed Eustachio
  6288 | D:5      | Killed Eustachio
  6289 | D:5      | Reached skill level 1 in Staves
  6583 | D:5      | Reached skill level 1 in Fighting
  6766 | D:6      | Identified the +6 quarterstaff of the Demagogue {protect,
                  | rElec rF++}
  7063 | D:6      | Reached XP level 9. HP: 59/59 MP: 13/17
  7428 | D:6      | Identified the +6 dagger "Dragonbane" {holy, rC+}
  7489 | D:6      | Found Qalefou's Jewellery Shoppe.
  7685 | D:6      | Reached * piety under Vehumet
  7685 | D:6      | Offered knowledge of Shock by Vehumet.
  7880 | D:6      | Learned a level 1 spell: Shock
  7885 | D:6      | Learned a level 4 spell: Fulminant Prism
  8094 | D:7      | Found Sojecyro's Antique Weapon Emporium.
  8310 | D:7      | Identified the +2 mace of Xainleto {vorpal, Will+ Dex+4}
  9172 | D:7      | Reached skill level 8 in Conjurations
  9279 | D:7      | Reached XP level 10. HP: 70/70 MP: 13/19
  9549 | D:7      | Reached ** piety under Vehumet
  9556 | D:7      | Offered knowledge of Poisonous Vapours by Vehumet.
  9560 | D:7      | Learned a level 2 spell: Poisonous Vapours
  9704 | D:7      | Noticed a gargoyle
  9711 | D:7      | HP: 2/70 [gargoyle/stone arrow (12)]
  9714 | D:7      | Killed from afar by a gargoyle

Illustrated notes

Levels and vault maps discovered:
D:1:      matt_arrival_refuge, layout_basic
D:2:      layout_loops_ring, serial_shops, shop, nicolae_ecumenical_oubliette
D:3:      layout_loops_ring, minmay_fractal_squares_gapless_5
D:4:      layout_loops_ring, serial_shops, shop, uniq_duvessa, uniq_menkaure,
          uniq_blork_the_orc
D:5:      layout_rooms, mainiacjoe_overflow_tiny_flanked,
          minmay_temple_entry_junction, uniq_eustachio
D:6:      layout_loops_ring, serial_shops, nicolae_shop_waterfront,
          chequers_serial_rivers_small_b, lexackson_kobold_supper
D:7:      minmay_cornered_nines, layout_gridville, serial_shops, shop,
          serial_bayou, serial_bayou_pond_e, serial_bayou_lake_a,
          serial_bayou_shore_b, serial_bayou_pond_d, kennysheep_generic_room_3,
          uniq_harold
Temple:   mainiacjoe_temple_cubbyholes

Skill      XL: |  1  2  3  4  5  6  7  8  9 10 |
---------------+-------------------------------+-----
Conjurations   | 5 6 7 8 |  8.2
Spellcasting   | 3 4 5 6 |  6.5
Stealth        | 3 4 |  4.2
Dodging        | 3 4 |  4.6
Armour         | 2 3 4 |  4.0
Staves         | 1 3 |  3.9
Fighting       | 1 3 |  3.3
Short Blades   | |  0.6
Long Blades    | |  0.4
Throwing       | |  0.4
Unarmed Combat | |  0.1

Action                   |  1- 3 |  4- 6 |  7- 9 | 10-12 || total
-------------------------+-------+-------+-------+-------++-------
Melee: Unarmed           |    16 |       |       |       ||    16
       Punch             |     1 |       |     1 |       ||     2
       Club              |     1 |       |       |       ||     1
       Staff             |     5 |     5 |    11 |       ||    21
       Quarterstaff      |       |       |    55 |     6 ||    61
       Great sword       |       |       |     1 |       ||     1
       Dagger            |       |       |     2 |       ||     2
Throw: Javelin           |     3 |       |       |       ||     3
 Cast: Magic Dart        |    61 |    50 |    21 |       ||   132
       Searing Ray       |       |     8 |    62 |    10 ||    80
  Use: Scroll            |     1 |     4 |     3 |       ||     8
       Potion            |       |       |     5 |       ||     5
Armor: Robe              |     6 |     3 |       |       ||     9
       Leather armour    |       |       |    64 |     4 ||    68
Dodge: Dodged            |    22 |    11 |    73 |    17 ||   123
